 Dungeon Crawl Stone Soup version 0.27-a0-277-g024f7ef292 (webtiles) character file.

Game seed: 9221483948284057771

1690 kae the Ruffian (level 8, -21/67 HPs)
             Began as a Black Draconian Transmuter on Feb 5, 2021.
             Was an Initiate of Ru.
             Killed from afar by Maggie (25 damage)
             ... with a bolt of fire
             ... on level 7 of the Dungeon.
             The game lasted 00:04:13 (7982 turns).

kae the Ruffian (Black Draconian Transmuter)        Turns: 7982, Time: 00:04:14

Health: -21/67     AC:  6    Str: 15    XL:     8   Next: 72%
Magic:  10/14      EV: 13    Int: 14    God:    Ru [......]
Gold:   374        SH:  0    Dex: 11    Spells: 7/15 levels left

rFire    . . .     SeeInvis .     - Unarmed
rCold    . . .     Faith    .   (no shield)
rNeg     . . .     Spirit   .   (armour unavailable)
rPois    .         Reflect  .   (helmet restricted)
rElec    +         Harm     .   (no cloak)
rCorr    .         Rampage  .   (no gloves)
Will     .....                  (no boots)
Stlth    +.........             (no amulet)
HPRegen  0.21/turn              f - +4 ring of slaying
MPRegen  0.14/turn              (no ring)

@: mighty, short of breath, very slightly contaminated
A: breathe lightning, unfitting armour, electricity resistance, cold-blooded, AC
+6
a: Breathe Lightning, Renounce Religion


You were on level 7 of the Dungeon.
You worshipped Ru.
Ru was noncommittal.
You visited 2 branches of the dungeon, and saw 8 of its levels.

You collected 374 gold pieces.

Inventory:

Jewellery
 f - a +4 ring of slaying (left hand)
Wands
 l - a wand of acid (10)
Scrolls
 g - 3 scrolls of remove curse
 m - a scroll of blinking
 p - 2 scrolls of teleportation
 q - 2 scrolls of identify
Potions
 a - 2 potions of lignification
 b - 2 potions of heal wounds
 c - 3 potions of might
 h - a potion of degeneration
 i - 2 potions of haste
 j - a potion of mutation
 k - a potion of flight
 r - a potion of curing
 s - 2 potions of brilliance


   Skills:
 + Level 4.4 Fighting
 + Level 4.0 Dodging
 * Level 6.5 Unarmed Combat
 + Level 4.1 Spellcasting
 + Level 4.4 Transmutations
 * Level 3.3 Ice Magic
 - Level 3.0 Poison Magic


You had 7 spell levels left.
You knew the following spells:

 Your Spells              Type           Power        Failure   Level
a - Beastly Appendage     Tmut           30%          3%          1
b - Spider Form           Tmut/Pois      6%           12%         3
c - Ice Form              Ice/Tmut       13%          36%         4

Your spell library contained the following spells:

 Spells                   Type           Power        Failure   Level
 Wereblood                Tmut           15%          4%          2
 Blade Hands              Tmut           7%           65%         5


Dungeon Overview and Level Annotations

Branches:
Dungeon (7/15)             Temple (1/1) D:5

Altars:
Ashenzari
Cheibriados
Dithmenos
Fedhas
Gozag
Hepliaklqana
Kikubaaqudgha
Makhleb
Nemelex Xobeh
Okawaru
Qazlal
Ru
Sif Muna
Trog
Uskayaw
Vehumet
Wu Jian
Xom
Yredelemnul

Shops:
D:4 =

Portals:
Abyss: D:7

Annotations:
D:7 2 transporters, Maggie; Scuka's ghost, novice DrTm


Innate Abilities, Weirdness & Mutations

You can breathe wild blasts of lightning.
Your glossy black scales are hard. (AC +6)
You cannot fit into any form of body armour.
You are resistant to electric shocks. (rElec)
You are cold-blooded and may be slowed by cold attacks.


Message History

You kill the yak!
Maggie hits you from afar with a +0 glaive of flaming.
Maggie burns you.
Your Dodging skill increases to level 4!
Maggie closely misses you.
Things that are here:
a yak corpse; a yak corpse; a yak corpse You closely miss Maggie.
You tail-slap Maggie!
Maggie is lightly wounded.
You punch Maggie! You tail-slap Maggie!
Maggie is heavily wounded.
Maggie hits you with a +0 glaive of flaming!
* * * LOW HITPOINT WARNING * * *
Maggie burns you.
* * * LOW HITPOINT WARNING * * *
You completely miss Maggie.
Maggie is heavily wounded.
Maggie gestures at you while chanting. The bolt of fire hits you!!
You die...

#. #+ #. #.#### ...
#.##### #..... ....
#.....# ###### .....
###.##.# ##
..(...###......########.
.....Y@@................
......###......########.
..... #.#.#.## #. ....
#.....# #. ... ###.###
#. #+ #.# #. #.# #. #.#
#. #.# #.


You could see Maggie and a yak.

Vanquished Creatures
  5 yaks (D:7)
  A black bear (D:6)
  A sky beast (D:6)
  An orc warrior (D:7)
  An ogre (D:4)
  A howler monkey (D:6)
  A hound (D:6)
  A bullfrog skeleton (D:5)
  2 orc priests (D:7)
  A centaur skeleton (D:7)
  Ijyb (D:4)
  An orc wizard (D:7)
  2 worker ants
  A hound zombie (D:4)
  2 worker ant zombies
  5 gnolls (D:5)
  15 adders
  A shadow imp (D:5)
  An adder zombie (D:6)
  3 dart slugs
  A worm (D:3)
  3 leopard geckos
  7 orcs
  4 bats
  2 giant cockroaches
  10 goblins
  10 hobgoblins
  21 jackals
  2 ball pythons
  4 frilled lizards
  8 kobolds
  A leopard gecko zombie (D:6)
  12 rats
132 creatures vanquished.

Notes
Turn   | Place    | Note
-------+----------+-------------------------------------------
     0 | D:1      | kae the Draconian Transmuter began the quest for the Orb.
     0 | D:1      | Reached XP level 1. HP: 16/16 MP: 3/3
   377 | D:1      | Reached XP level 2. HP: 16/23 MP: 3/5
   869 | D:1      | Found an iron altar of Okawaru.
  1156 | D:2      | Reached XP level 3. HP: 26/28 MP: 4/6
  1449 | D:2      | Reached XP level 4. HP: 32/36 MP: 7/7
  1928 | D:2      | Reached skill level 4 in Unarmed Combat
  2813 | D:3      | You fall into a shaft and drop 1 floor!
  2889 | D:4      | Learned a level 3 spell: Spider Form
  2912 | D:3      | Reached XP level 5. HP: 38/41 MP: 7/9
  3425 | D:3      | Found a faded altar of an unknown god.
  3563 | D:3      | Reached skill level 1 in Poison Magic
  4173 | D:4      | Noticed an ogre
  4183 | D:4      | Killed an ogre
  4184 | D:4      | Reached XP level 6. HP: 37/50 MP: 8/10
  4359 | D:4      | Found Godoopha's Jewellery Shop.
  4374 | D:4      | Found a shimmering altar of Xom.
  4374 | D:4      | Found a hide-covered altar of Uskayaw.
  4724 | D:4      | Noticed Ijyb
  4730 | D:4      | Killed Ijyb
  5005 | D:5      | Entered Level 5 of the Dungeon
  5022 | D:5      | Found a burning altar of Makhleb.
  5927 | D:5      | Found a staircase to the Ecumenical Temple.
  5938 | Temple   | Entered the Ecumenical Temple
  5945 | Temple   | Became a worshipper of Ru the Awakened
  6033 | D:6      | Your scales start taking on a glossy black colour.
  6033 | D:6      | Reached XP level 7. HP: 57/57 MP: 7/11
  6033 | D:6      | Gained mutation: You are resistant to electric shocks.
                  | (rElec) [Black Draconian growth]
  6055 | D:6      | Reached skill level 5 in Unarmed Combat
  7483 | D:7      | Learned a level 4 spell: Ice Form
  7579 | D:7      | Found a transporter.
  7580 | D:7      | Noticed a small abomination
  7585 | D:7      | Noticed a small abomination
  7594 | D:7      | Noticed an orange demon
  7630 | D:7      | Found a transporter.
  7635 | D:7      | Identified the +9 trident "Muadwun" {distort, Str+2}
  7642 | D:7      | Noticed Scuka's ghost (novice DrTm)
  7655 | D:7      | Found a one-way gate to the infinite horrors of the Abyss.
  7755 | D:7      | Reached skill level 1 in Ice Magic
  7904 | D:7      | Found a hazy altar of Hepliaklqana.
  7905 | D:7      | Found an opulent altar of Gozag.
  7958 | D:7      | Noticed Maggie
  7958 | D:7      | Noticed a yak
  7958 | D:7      | Noticed a yak
  7958 | D:7      | Noticed a yak
  7958 | D:7      | Noticed a yak
  7958 | D:7      | Noticed a yak
  7958 | D:7      | Noticed a yak
  7964 | D:7      | Killed a yak
  7965 | D:7      | Reached XP level 8. HP: 58/66 MP: 8/13
  7968 | D:7      | Reached skill level 6 in Unarmed Combat
  7982 | D:7      | Killed from afar by Maggie

Illustrated notes

Levels and vault maps discovered:
D:1:      erik_arrival_triangle_huge, layout_loops_ring,
          okawaru_ov_weapons_minmay
D:2:      layout_rooms
D:3:      layout_basic, chequers_ecumenical_altar_simple_redux,
          chequers_serial_rivers_micro_a, minmay_misc_feat_rows,
          minmay_divided_ellipse
D:4:      layout_basic, grunt_temple_overflow_open, serial_shops,
          shop_fountains, uniq_ijyb
D:5:      layout_layer_cave, temple_hall, basic_altar, sigmund_army
D:6:      layout_layer_cave
D:7:      layout_loops_corners, good_gods_temple_1, minitemple,
          gammafunk_ghost_abyssal_escape, uniq_maggie
Temple:   nicolae_temple_no_exploring_needed

Skill      XL: |  1  2  3  4  5  6  7  8 |
---------------+-------------------------+-----
Dodging        | 2 3 4 |  4.0
Fighting       | 2 3 4 |  4.4
Unarmed Combat | 4 5 6 |  6.5
Poison Magic   | 1 2 3 |  3.0
Spellcasting   | 3 4 |  4.1
Transmutations | 3 4 |  4.4
Ice Magic      | 1 3 |  3.3

Action                   |  1- 3 |  4- 6 |  7- 9 || total
-------------------------+-------+-------+-------++-------
Melee: Unarmed           |   107 |   245 |    90 ||   442
       Kick              |    16 |    24 |       ||    40
       Tailslap          |     9 |    22 |     6 ||    37
       Headbutt          |     9 |    20 |       ||    29
       Punch             |       |     2 |       ||     2
 Cast: Beastly Appendage |    20 |    41 |       ||    61
       Spider Form       |       |     6 |    11 ||    17
Invok: Reject Sacrifices |       |       |     1 ||     1
 Abil: Breathe Lightning |       |       |     1 ||     1
  Use: Potion            |     2 |       |     1 ||     3
       Scroll            |       |    10 |     6 ||    16
Armor: Skin              |    36 |    83 |     8 ||   127
Dodge: Dodged            |    90 |   198 |    63 ||   351

Table legend: (Time is in decaauts)
 A = Elapsed time spent in this place.
 B = Non-inter-level travel time spent in this place.
 C = Inter-level travel time spent in this place.
 D = Time resting spent in this place.
 E = Time spent auto-exploring this place.
 F = Levels seen in this place.
 G = Mean time per level.
                   A        B        C        D        E       F      G
               +--------+--------+--------+--------+--------+-----+--------+
         Total |   7946 |   7744 |    202 |    213 |   6537 |   8 |  993.2 |
       Dungeon |   7932 |   7737 |    195 |    213 |   6537 |   7 | 1133.1 |
        Temple |     14 |      8 |      6 |      0 |      0 |   1 |   14.0 |
               +--------+--------+--------+--------+--------+-----+--------+

Top non-repeatable levels by time:
     D:6: 1482 daAuts
     D:3: 1478 daAuts
     D:2: 1316 daAuts
     D:1: 1143 daAuts
     D:4: 1043 daAuts
     D:5: 976 daAuts
     D:7: 491 daAuts
  Temple: 14 daAuts
